Map: Darkness Sanctuary LE

Players

MaSa

  • Race: Terran Terran
  • Spawn Location: 11:00

HellraiseR - Winner!

  • Race: Protoss Protoss
  • Spawn Location: 7:00

Event: WCS Valencia 2018

VOD

Have the link to the VOD?

Description

Time

  • Played on: July 12, 2018, 7:14 a.m.
  • Length: 12:15

All games in this series

Show
View Real Time Build Order
Export as new Build Order

MaSa Terran 

Build Orders: Reaper Expand, MMM Bio 

Get SALT Encoding   

  12  0:00  SCV  
  13  0:12  SCV  
  14  0:17  Supply Depot  
  14  0:24  SCV  
  15  0:39  SCV  
  15  0:40  Barracks  
  16  0:44  Refinery  
  16  0:51  SCV  
  17  1:03  SCV  
  18  1:15  SCV  
  19  1:27  Reaper, Orbital Command  
  20  1:39  Command Center  
  20  1:53  Supply Depot, SCV  
  21  1:59  Barracks Reactor  
  21  2:05  SCV  
  22  2:17  SCV  
  22  2:21  Command Center  
  23  2:29  SCV  
  24  2:37  Marine x2  
  23  2:41  SCV  
  25  2:44  Barracks  
  25  2:49  Engineering Bay  
  25  2:54  SCV, Marine  
  25  2:55  Marine  
  28  3:06  SCV  
  28  3:12  Marine x2  
  31  3:20  SCV  
  31  3:21  Missile Turret, Orbital Command  
  31  3:28  Terran Infantry Weapons Level 1  
  31  3:32  SCV  
  31  3:33  Barracks Tech Lab  
  33  3:40  Orbital Command  
  33  3:46  SCV  
  33  3:48  Marine, Engineering Bay  
  33  3:50  Marine  
  33  3:53  SCV  
  36  3:56  Marine  
  36  3:58  SCV  
  36  4:05  SCV  
  36  4:07  Stimpack, SCV  
  36  4:10  SCV  
  36  4:11  Marine x2  
  39  4:17  SCV  
  39  4:21  Marine, Barracks  
  39  4:24  SCV  
  42  4:26  SCV  
  42  4:28  Marine  
  42  4:31  SCV  
  45  4:33  Bunker  
  45  4:34  Marine  
  45  4:36  SCV  
  45  4:38  SCV  
  48  4:39  Marine  
  48  4:42  Factory  
  48  4:43  SCV  
  50  4:46  Marine  
  50  4:49  SCV  
  50  4:50  SCV  
  50  4:51  Refinery  
  50  4:52  Marine  
  54  4:53  Supply Depot  
  54  4:54  Missile Turret  
  54  4:57  Marine  
  54  4:58  SCV  
  56  5:03  SCV  
  56  5:04  Marine  
  56  5:09  Marine  
  56  5:10  Marine  
  56  5:14  SCV  
  56  5:15  Marauder  
  56  5:17  SCV  
  57  5:22  Marine  
  57  5:27  Marine  
  57  5:28  Marine  
  60  5:31  Terran Infantry Armor Level 1  
  60  5:33  Supply Depot  
  60  5:36  SCV, Marine  
  61  5:48  Marine  
  61  5:49  Barracks Reactor, SCV  
  61  5:52  Starport  
  61  5:56  SCV  
  55  5:57  SCV  
  55  6:01  SCV, Marine x2  
  58  6:06  Factory Reactor, Marine  
  58  6:08  SCV  
  58  6:09  SCV, Missile Turret  
  61  6:12  Supply Depot  
  61  6:13  SCV  
  61  6:16  Refinery  
  61  6:18  Refinery  
  62  6:19  Marine x2  
  62  6:20  SCV  
  62  6:21  SCV  
  62  6:22  Combat Shields  
  62  6:24  Marine  
  62  6:25  SCV  
  68  6:26  Marine  
  68  6:32  Supply Depot  
  69  6:33  SCV x2, Marine  
  69  6:35  Supply Depot  
  69  6:36  Marine  
  69  6:37  Marine  
  69  6:38  Barracks  
  74  6:42  Barracks  
  74  6:43  SCV  
  74  6:45  Orbital Command  
  75  6:48  Factory Reactor, Marine x2  
  75  6:49  Supply Depot  
  75  6:51  SCV  
  76  6:55  SCV  
  76  7:00  Medivac, Marine x3  
  82  7:02  Medivac  
  82  7:03  SCV  
  82  7:06  Marine  
  82  7:07  SCV  
  87  7:12  Supply Depot  
  87  7:13  SCV  
  87  7:15  Marine  
  89  7:16  SCV  
  89  7:18  Marine  
  89  7:19  SCV, Marauder  
  89  7:21  Marine  
  94  7:25  SCV  
  94  7:28  Supply Depot, SCV  
  94  7:29  Armory  
  96  7:31  SCV  
  96  7:32  Engineering Bay  
  96  7:35  Marine x2  
  99  7:37  Barracks Tech Lab, SCV  
  99  7:39  Barracks Tech Lab  
  99  7:40  SCV  
  101  7:45  SCV  
  101  7:50  SCV  
  102  7:52  SCV, Ghost Academy  
  102  7:53  Marine, Marauder  
  102  7:54  Supply Depot  
  102  7:57  SCV  
  107  8:00  Supply Depot  
  107  8:01  Medivac  
  107  8:02  Supply Depot  
  107  8:05  Medivac  
  111  8:09  SCV x2  
  113  8:13  Refinery  
  113  8:15  Marine x3, Refinery  
  113  8:16  Marauder  
  113  8:18  Widow Mine  
  120  8:20  Widow Mine  
  120  8:21  Marauder  
  120  8:23  SCV x2  
  120  8:24  SCV  
  127  8:27  Supply Depot  
  127  8:29  Terran Infantry Armor Level 2  
  127  8:33  Terran Infantry Weapons Level 2  
  127  8:36  Terran Ship Weapons Level 1  
  127  8:39  Widow Mine  
  129  8:41  Widow Mine  
  129  8:42  Medivac  
  129  8:45  SCV x3  
  135  8:48  Supply Depot  
  135  8:52  Marine x3  
  135  8:54  Supply Depot  
  135  8:55  Supply Depot  
  138  9:01  Widow Mine, Ghost, Medivac  
  144  9:05  Ghost  
  144  9:07  SCV  
  147  9:13  Ghost, Marine  
  147  9:14  Marine x3  
  147  9:16  SCV  
  153  9:29  SCV  
  153  9:30  Marauder  
  141  9:31  Marine x2  
  141  9:37  SCV  
  137  9:39  Marine x2, Marauder  
  137  9:41  Ghost  
  137  9:43  Concussive Shells  
  137  9:45  Medivac  
  135  9:49  Marine  
  135  9:51  Marine  
  135  9:52  Marauder  
  133  9:56  Command Center  
  133  9:57  Marine  
  133  9:59  Widow Mine x2  
  137  10:00  Supply Depot, Barracks  
  137  10:01  Marauder  
  137  10:02  Barracks  
  137  10:04  Medivac  
  141  10:10  Marine x2  
  141  10:11  Supply Depot, Marauder  
  141  10:12  Supply Depot  
  141  10:13  Marauder  
  141  10:14  Marine  
  147  10:17  Medivac  
  150  10:22  Marauder  
  150  10:23  Marine  
  150  10:27  Marine  
  154  10:32  Marauder  
  154  10:34  Marine x2, Marauder  
  155  10:43  Viking, Marauder  
  155  10:47  Viking  
  141  10:50  Marine x2  
  141  10:51  SCV  
  141  10:53  Starport  
  141  10:54  Marauder  
  141  10:55  Marine  
  141  10:56  Marine x2, Marauder  
  138  11:01  Marine  
  133  11:05  Marauder  
  133  11:08  SCV, Marine x2  
  128  11:12  Marine  
  128  11:13  Viking  
  128  11:14  Marine  
  128  11:15  Marauder  
  128  11:17  Medivac, Marauder  
  134  11:21  Marine x2  
  130  11:26  Marine, Marauder  
  130  11:29  Marine  
  130  11:30  Supply Depot  
  134  11:33  Marine x2  
  134  11:36  Marauder  
  134  11:37  Viking  
  134  11:38  Viking  
  134  11:39  Marauder  
  144  11:43  Medivac  
  146  11:47  Marine, Marauder  
  146  11:48  Barracks Tech Lab, Marine  
  146  11:49  Barracks Tech Lab  
  150  11:55  Marine  
  150  11:56  Marine  
Show
View Real Time Build Order
Export as new Build Order

HellraiseR Protoss - Winner!

Build Orders: 1 Gate Expand, Oracle Opening 

Get SALT Encoding   

  12  0:00  Probe  
  13  0:12  Probe  
  14  0:17  Pylon  
  14  0:22  Probe  
  15  0:31  Probe  
  16  0:38  Gateway  
  16  0:40  Probe  
  16  0:47  Assimilator  
  17  0:52  Probe  
  19  1:04  Probe  
  19  1:21  Nexus  
  19  1:24  Probe  
  20  1:33  Cybernetics Core  
  20  1:36  Probe  
  21  1:41  Assimilator  
  21  1:49  Probe  
  21  1:51  Pylon  
  22  2:00  Probe  
  22  2:01  Adept  
  23  2:08  Probe  
  26  2:16  Probe  
  27  2:22  Stargate  
  27  2:27  Adept, Probe  
  30  2:34  Probe  
  30  2:39  Probe  
  30  2:42  Warp Gate  
  30  2:43  Probe  
  31  2:51  Probe x2  
  32  2:57  Oracle  
  34  3:02  Probe  
  34  3:03  Probe  
  38  3:14  Probe  
  38  3:15  Probe  
  38  3:26  Probe  
  39  3:28  Probe  
  39  3:33  Adept  
  42  3:35  Oracle  
  42  3:39  Gateway  
  42  3:40  Probe  
  44  3:46  Gateway, Pylon  
  46  3:50  Pylon  
  46  4:04  Probe x2  
  46  4:07  Oracle  
  48  4:15  Pylon  
  48  4:16  Probe x2  
  50  4:20  Pylon  
  53  4:28  Probe x2  
  55  4:38  Nexus  
  55  4:40  Probe x2  
  55  4:44  Adept x3  
  63  4:51  Assimilator  
  63  4:52  Probe x2  
  65  4:55  Assimilator  
  65  5:04  Probe x2  
  67  5:16  Probe x2  
  69  5:25  Twilight Council  
  69  5:26  Forge  
  69  5:28  Stalker x3, Probe x2  
  69  5:31  Protoss Ground Weapons Level 1  
  69  5:32  Blink, Pylon  
  77  5:36  Pylon  
  77  5:40  Probe  
  78  5:48  Gateway x2, Probe  
  78  5:49  Phoenix  
  77  5:51  Probe  
  77  5:53  Probe  
  77  6:00  Probe  
  77  6:03  Probe  
  79  6:05  Probe  
  79  6:06  Pylon  
  76  6:17  Stalker x3, Probe  
  85  6:22  Gateway x2  
  83  6:26  Gateway, Shield Battery  
  83  6:29  Shield Battery  
  83  6:34  Pylon  
  83  6:38  Probe x2  
  83  6:39  Probe  
  86  6:42  Pylon  
  86  6:43  Sentry x2  
  86  6:44  Stalker  
  92  6:50  Probe x2  
  92  6:51  Probe  
  95  6:56  Stalker x2  
  99  7:02  Probe x2, Assimilator  
  99  7:04  Assimilator, Probe  
  102  7:09  Protoss Ground Armor Level 1  
  102  7:13  Robotics Facility  
  102  7:14  Probe x2  
  104  7:16  Stalker x3  
  110  7:33  Charge  
  110  7:34  Photon Cannon  
  110  7:36  Zealot x2  
  110  7:37  Zealot x3  
  118  7:42  Stalker x2  
  124  7:48  Immortal  
  121  7:55  Nexus  
  121  8:03  Robotics Bay  
  125  8:06  Forge  
  125  8:07  Pylon  
  125  8:09  Photon Cannon  
  125  8:13  Pylon  
  125  8:19  Immortal  
  125  8:20  Pylon  
  125  8:21  Pylon  
  125  8:25  Probe x3  
  132  8:34  Sentry x2  
  132  8:35  Stalker x2  
  132  8:38  Protoss Ground Weapons Level 2  
  140  8:51  Colossus  
  140  8:53  Pylon  
  140  8:54  Stalker x4  
  154  9:04  Sentry  
  154  9:07  Zealot x3  
  162  9:22  Probe x2  
  162  9:23  Probe  
  156  9:29  Probe  
  156  9:30  Colossus  
  153  9:33  Zealot x2  
  153  9:34  Zealot x6, Probe x2  
  153  9:35  Probe, Protoss Ground Armor Level 2  
  167  9:41  Probe  
  166  9:46  Probe x2  
  166  9:47  Probe  
  161  9:58  Probe  
  163  10:04  Assimilator  
  163  10:05  Templar Archives  
  162  10:07  Extended Thermal Lance  
  162  10:08  Assimilator  
  162  10:10  Zealot x5  
  172  10:14  Pylon  
  172  10:15  Pylon  
  172  10:18  Pylon  
  172  10:31  Colossus  
  172  10:34  Zealot x6  
  172  10:35  Zealot x2  
  188  10:41  Probe  
  188  10:42  Probe  
  182  10:44  Probe  
  182  10:49  Probe  
  176  10:56  Stalker x3  
  176  10:57  Stalker x4  
  150  11:24  Stalker x6  
  150  11:25  Sentry  
  160  11:26  Sentry  
  160  11:31  Warp Prism  
  164  11:33  Nexus  
  164  11:45  Pylon  
  164  11:49  Stalker x6  
Tags
 
Add a new tag
Caveats
  • Supply blocks, unpowered buildings, or Contaminate may cause inaccurate times.
  • Supply counts are checked every 10 seconds.